 Dungeon Crawl Stone Soup version 0.21-a0-460-g737a915 (webtiles) character file.

276 tof the Sneak (level 6, -3/42 HPs)
             Began as an Octopode Assassin on Nov 20, 2017.
             Killed by divine providence
             ... invoked by an orc priest
              (15 damage)
             ... on level 4 of the Dungeon.
             The game lasted 00:05:43 (3039 turns).

tof the Sneak (Octopode Assassin)                   Turns: 3039, Time: 00:05:44

Health: -3/42      AC:  1    Str: 10    XL:     6   Next: 25%
Magic:  6/6        EV: 19    Int: 14    God:
Gold:   240        SH:  0    Dex: 17    Spells: 5/5 levels left

rFire    . . .     SeeInvis .   a - +1 dagger (venom)
rCold    . . .     Gourm    .   (no shield)
rNeg     . . .     Faith    .   (helmet restricted)
rPois    .         Spirit   .   (no amulet)
rElec    .         Reflect  .   h - ring of stealth
rCorr    .         Harm     .   o - +5 ring of evasion
MR       .....                  u - +2 ring of dexterity
Stlth    +++++.....             (no ring)
HPRegen  0.14/turn              (no ring)
MPRegen  0.10/turn              (no ring)
                                (no ring)
                                (no ring)

@: no status effects
A: almost no armour, stealthy swim, amphibious, 8 rings, constrict 8, camouflage
1, gelatinous body 1
a: no special abilities


You were on level 4 of the Dungeon.
You were not hungry.

You visited 1 branch of the dungeon, and saw 4 of its levels.

You collected 240 gold pieces.

Inventory:

Hand Weapons
 a - a +1 dagger of venom (weapon)
 b - a +0 blowgun
 C - a +2 dagger
Missiles
 c - 28 poisoned needles
 d - 2 curare-tipped needles
 e - 4 needles of frenzy
 A - 3 needles of confusion
Jewellery
 h - a ring of stealth (left tentacle)
 o - a +5 ring of evasion (right tentacle)
 u - a +2 ring of dexterity (on tentacle)
 D - an uncursed amulet of the gourmand {unknown}
Scrolls
 g - 4 scrolls of teleportation {unknown}
 i - a scroll of random uselessness {unknown}
 j - 3 scrolls of amnesia {unknown}
 k - 5 scrolls of identify {unknown}
 m - 2 scrolls of enchant weapon {unknown}
 w - a scroll of blinking {unknown}
 x - a scroll of remove curse {unknown}
 y - 2 scrolls of magic mapping {unknown}
 B - a scroll of fog {unknown}
Potions
 l - 2 potions of heal wounds {unknown}
 q - 2 potions of lignification {unknown}
 r - 4 potions of curing {unknown}
 s - a potion of flight {unknown}
 t - a potion of might {unknown}
 z - 2 potions of resistance {unknown}
Comestibles
 f - 3 bread rations
 n - 2 chunks of flesh
 p - a meat ration
 v - a royal jelly


   Skills:
 + Level 3.1 Fighting
 * Level 3.9 Short Blades
 + Level 3.2 Throwing
 + Level 2.5 Dodging
 + Level 6.3 Stealth


You had 5 spell levels left.
You didn't know any spells.

Dungeon Overview and Level Annotations

Branches:
Dungeon (4/15)
 Temple: D:4-7

Altars:
Fedhas
Xom
Yredelemnul


Innate Abilities, Weirdness & Mutations

You cannot wear most types of armour.
You are very stealthy in the water. (Stealth+)
You are amphibious.
You can wear up to eight rings at the same time.
You can use your tentacles to constrict eight enemies at once.
Your skin changes colour to match your surroundings (Stealth+).
Your rubbery body absorbs attacks. (AC +1, EV +1)


Message History

The orc wizard mumbles some strange words.
The orc wizard seems to speed up.
There is an open door here.
The orc wizard barely misses you. The orc wizard completely misses you.
The orc wizard looks satisfied for a moment.
The orc wizard barely misses you. The orc wizard closely misses you.
The orc wizard begins to cast a cantrip, but forgets the words!
The orc wizard gestures at you while chanting.
The magic dart hits you!
The orc wizard points at you and mumbles some strange words.
The puff of frost hits you!
* * * LOW HITPOINT WARNING * * *
The orc wizard closely misses you.
The orc wizard casts a cantrip, but nothing happens.
The orc wizard barely misses you.
The phantom blinks!
The orc priest mumbles some strange prayers to Beogh against you.
Beogh smites you!
You die...

#######.W......######.....#.#
#.............o#...##...#....
#.............ยง#...##...#.#.#
#...........o................
#..............#.#.#.#....#.#
#................... ........
#####.#####........#.#.# #....#.#
....^.....#.....o..........##....
.....#.........#@..#.#.#.#....#..
.....#.....#.#.#..............#..
.....#####.....#...#.#.#.#....#..
...........#.#.#..............#..
.+###..........#..............#..
....#..........#..............#..
....+......###[#........(....)###
....#..............########......
#####..............# #......


You could see an orc priest, an orc wizard and an orc.

Vanquished Creatures
  A scorpion (D:3)
  A centaur skeleton (D:4)
  2 orc wizards
  A worker ant (D:3)
  6 adders
  2 worms (D:2)
  2 dart slugs
  5 orcs
  5 giant cockroaches
  6 goblins
  2 hobgoblins
  3 jackals (D:1)
  A quokka (D:2)
  3 bats
  6 frilled lizards
  A jackal zombie (D:4)
  8 kobolds
  8 rats
63 creatures vanquished.

Notes
Turn   | Place    | Note
-------+----------+-------------------------------------------
     0 | D:1      | tof the Octopode Assassin began the quest for the Orb.
     0 | D:1      | Reached XP level 1. HP: 14/14 MP: 1/1
   269 | D:1      | Reached XP level 2. HP: 19/19 MP: 2/2
   615 | D:2      | Reached XP level 3. HP: 23/24 MP: 3/3
   881 | D:2      | Reached XP level 4. HP: 30/30 MP: 4/4
  1354 | D:2      | Found a blossoming altar of Fedhas.
  1778 | D:3      | Found a shimmering altar of Xom.
  1781 | D:3      | Reached skill level 6 in Stealth
  1781 | D:3      | Reached XP level 5. HP: 35/35 MP: 5/5
  2202 | D:4      | Found a basalt altar of Yredelemnul.
  2245 | D:4      | Reached XP level 6. HP: 27/42 MP: 6/6
  2483 | D:4      | Noticed a phantom
  3039 | D:4      | Killed from afar by an orc priest

Vault maps used:
D:1:      eino_arrival_tree_alley
D:2:      fedhas_altar_1
D:3:      xom_teletrap_fun
D:4:      yredelemnul_altar_generic, temple_fountains, first_bread,
          serial_glass, glass_columns_b, glass_columns_b, glass_columns_c,
          glass_columns_a, glass_columns_a, glass_columns_c, glass_columns_c,
          glass_columns_a

Skill      XL: |  1  2  3  4  5 |
---------------+----------------+-----
Short Blades   | 3 |  3.9
Dodging        | 2 |  2.5
Stealth        | 6 |  6.3
Throwing       | 3 |  3.2
Fighting       | 3 |  3.1

Action                   |  1- 3 |  4- 6 || total
-------------------------+-------+-------++-------
Melee: Dagger            |    49 |   127 ||   176
       Constrict         |     8 |    11 ||    19
       Tentacles         |     7 |    17 ||    24
 Stab: Sleeping          |    12 |    23 ||    35
       Distracted        |     1 |       ||     1
  Eat: Chunk             |       |     5 ||     5
       Bread ration      |       |     1 ||     1
Armor: Skin              |     2 |     2 ||     4
Dodge: Dodged            |    21 |    66 ||    87

Table legend:
 A = Spawn XP
 B = Non-spawn XP
 C = Spawn XP percentage of total XP
 D = Spawn monster count
 E = Non-spawn monster count
 F = Spawn count percentage of total count
 G = Total turns spent on level
                    A         B        C        D         E        F      G
               +---------+---------+-------+---------+---------+-------+---------
         Total |       0 |     395 |   0.0 |       0 |      63 |   0.0 |  3039
               +---------+---------+-------+---------+---------+-------+---------
           D:1 |       0 |      20 |   0.0 |       0 |      10 |   0.0 |   537
           D:2 |       0 |      90 |   0.0 |       0 |      26 |   0.0 |  1009
           D:3 |       0 |     196 |   0.0 |       0 |      20 |   0.0 |   749
           D:4 |       0 |      89 |   0.0 |       0 |       7 |   0.0 |   744
               +---------+---------+-------+---------+---------+-------+---------
